 Dungeon Crawl Stone Soup version 0.25-a0-1079-g858b6a6ff6 (webtiles) character file.

Game seed: 1976336314399649577, levelgen mode: deterministic

188870 vurker the Cruncher (level 18, -4/101 HPs)
             Began as a Vine Stalker Assassin on May 15, 2020.
             Was a Believer of Uskayaw.
             Slain by a merfolk impaler
             ... wielding a +4 trident
              (14 damage)
             ... on level 2 of the Shoals.
             The game lasted 01:02:04 (28586 turns).

vurker the Cruncher (Vine Stalker Assassin)        Turns: 28586, Time: 01:02:05

Health: -4/101     AC: 26    Str: 27    XL:     18   Next: 11%
Magic:  0/28       EV:  7    Int: 11    God:    Uskayaw [**....]
Gold:   3127       SH:  0    Dex: 17    Spells: 17/17 levels left

rFire    + + .     SeeInvis +   a - +6 lajatang (speed)
rCold    + . .     Gourm    .   (shield currently unavailable)
rNeg     . . .     Faith    .   r - +2 plate armour of Saqaq {Harm MR+}
rPois    +         Spirit   +   h - +2 helmet {SInv}
rElec    .         Reflect  .   y - scarf {rC+ rF+}
rCorr    .         Harm     +   l - +1 pair of gloves
MR       +++..                  E - +0 pair of boots
Stlth    ..........             U - amulet of regeneration
HPRegen  1.46/turn              J - ring of poison resistance
MPRegen  0.21/turn              O - +6 ring of strength

@: lethally poisoned (-4 -> -14), about to teleport, held, lightly drained
A: fangs 3, molten scales 1, fire resistance 1, regeneration 2, magic shield,
antimagic bite, no potion heal 3, rot immunity
}: 1/15 runes: gossamer
a: Stomp, Line Pass, Renounce Religion


You were on level 2 of the Shoals.
You worshipped Uskayaw.
Uskayaw was pleased with you.
You were not hungry.

You visited 6 branches of the dungeon, and saw 30 of its levels.
You also visited: Sewer, Ice Cave and Volcano.

You collected 4468 gold pieces.
You spent 1341 gold pieces at shops.

Inventory:

Hand Weapons
 a - a +6 lajatang of speed (weapon)
   (You found it in a sewer)
 b - a +1 dagger of electrocution
   (You took it off a kobold on level 8 of the Dungeon)
Missiles
 f - 9 curare-tipped darts
 D - 66 poisoned darts (quivered)
 G - 5 atropa-tipped darts
Armour
 h - a +2 helmet of see invisible (worn)
   (You found it on level 1 of the Dungeon)
 l - a +1 pair of gloves (worn)
   (You found it on level 1 of the Dungeon)
 r - the +2 plate armour of Saqaq (worn) {Harm MR+}
   (You found it on level 5 of the Dungeon)

   It affects your resistance to hostile enchantments.
   It increases damage dealt and taken.
 y - a scarf of resistance (worn)
   (You found it on level 4 of the Dungeon)
 E - a +0 pair of boots (worn)
   (You found it on level 9 of the Dungeon)
 S - a +10 plate armour of ponderousness
   (You bought it in a shop on level 2 of the Orcish Mines)
Jewellery
 J - a ring of poison resistance (left hand)
   (You found it on level 7 of the Dungeon)
 O - a +6 ring of strength (right hand)
   (You found it on level 12 of the Dungeon)
 U - an amulet of regeneration (around neck)
   (You found it on level 14 of the Dungeon)
 X - an uncursed ring of resist corrosion
   (You found it on level 1 of the Shoals)
Wands
 d - a wand of iceblast (46)
   (You took it off Maurice on level 8 of the Dungeon)
 t - a wand of flame (24)
   (You found it on level 2 of the Lair of Beasts)
 u - a wand of paralysis (21)
   (You found it on level 6 of the Dungeon)
 v - a wand of digging (14)
   (You bought it in a shop on level 11 of the Dungeon)
 x - a wand of acid (23)
   (You found it on level 3 of the Lair of Beasts)
 K - a wand of clouds (13)
   (You bought it in a shop on level 11 of the Dungeon)
 N - a wand of polymorph (23)
   (You found it on level 1 of the Lair of Beasts)
 R - a wand of enslavement (3)
   (You took it off an orc on level 12 of the Dungeon)
Scrolls
 c - 3 scrolls of enchant armour
 m - 5 scrolls of identify
 n - 17 scrolls of teleportation
 q - 11 scrolls of remove curse
 s - a scroll of summoning
 C - 4 scrolls of immolation
 H - 3 scrolls of fog
 L - 4 scrolls of magic mapping
 M - a scroll of fear
 V - a scroll of blinking
Potions
 i - a potion of magic
 j - 8 potions of curing
 k - 4 potions of haste
 o - 6 potions of heal wounds
 w - 2 potions of resistance
 z - 4 potions of mutation
 A - 3 potions of lignification
 B - 4 potions of might
 F - 2 potions of stabbing
 I - 2 potions of invisibility
 Q - 11 potions of flight
 T - 3 potions of ambrosia
Miscellaneous
 g - a phial of floods
   (You found it in a sewer)
Comestibles
 e - 42 rations


   Skills:
 * Level 13.7 Fighting
 - Level 10.0(9.9) Short Blades
 - Level 14.0(13.9) Staves
 - Level 1.7 Throwing
 * Level 11.8(11.7) Armour
 - Level 10.0(9.9) Dodging
 - Level 4.8(4.7) Stealth
 + Level 12.6(12.5) Invocations


You had 17 spell levels left.
You didn't know any spells.
Your spell library contained the following spells:

 Spells                   Type           Power        Failure   Level  Hunger
 Freeze                   Ice            #...         95%         1    ##.....
 Sting                    Tmut/Pois      #...         95%         1    ##.....
 Poisonous Vapours        Pois/Air       #.....       99%         2    ###....
 Frozen Ramparts          Ice            #.....       100%        3    ####...
 Ignite Poison            Fire/Tmut/Pois #.......     100%        3    ####...
 Mephitic Cloud           Conj/Pois/Air  #.......     100%        3    ####...
 Ozocubu's Armour         Chrm/Ice       #.......     100%        3    ####...
 Hailstorm                Conj/Ice       #.......     100%        4    #####..
 Ice Form                 Ice/Tmut       #.......     100%        4    #####..
 Olgreb's Toxic Radiance  Pois           #.......     100%        4    #####..
 Summon Ice Beast         Ice/Summ       #.......     100%        4    #####..
 Metabolic Englaciation   Hex/Ice        #.........   100%        5    ######.
 Freezing Cloud           Conj/Ice/Air   #.........   100%        6    #######
 Ozocubu's Refrigeration  Ice            #.........   100%        6    #######
 Simulacrum               Ice/Necr       #.........   100%        6    #######


Dungeon Overview and Level Annotations

Branches:
Dungeon (15/15)            Temple (1/1) D:7            Lair (6/6) D:11
 Shoals (2/4) Lair:2       Spider (4/4) Lair:4        Slime (0/5) Lair:6
    Orc (2/2) D:9             Elf (0/3) Orc:2        Vaults (0/5) D:14
 Depths (0/5) D:15          Sewer (visited)           IceCv (visited)
Volcano (visited)

Altars:
Ashenzari
Cheibriados
Fedhas
Gozag
Kikubaaqudgha
Nemelex Xobeh
Okawaru
Qazlal
Ru
Trog
Uskayaw
Vehumet
Wu Jian
Xom
Yredelemnul
Zin
The Shining One
Beogh

Shops:
D:11 *   Orc:2 ([**

Portals:
Abyss: Shoals:1

Annotations:
Shoals:1 2 transporters, Prakerore's ghost, adept DgAE
Spider:2 3 runed translucent doors, Isaadow's ghost, adept DEWz


Innate Abilities, Weirdness & Mutations

You have razor-sharp teeth.
You heal very quickly.
When hurt, damage is shared between your health and your magic reserves.
Your bite disrupts and absorbs the magic of your enemies.
Potions cannot restore your health.
You are immune to rotting.
You are partially covered in molten scales. (AC +2)
Your flesh is heat resistant. (rF+)


Message History

You cannot move away from the merfolk siren!
Your magical effects are unravelling.
You feel magically purged.
You break out of your daze.
You feel very sick.
The merfolk impaler hits you from afar with a +4 trident!
* * * LOW HITPOINT WARNING * * *
The merfolk misses you. The wind drake flaps its wings at you.
The air twists around and strikes you.
The sea snake bites you but does no damage.
A merfolk comes into view. It is wielding a -3 trident.
The merfolk javelineer throws a javelin.
The javelin pierces through you.
* * * LOW HITPOINT WARNING * * *
You hear a splash.
The sea snake closely misses you.
The merfolk hits you from afar with a +0 spear.
* * * LOW HITPOINT WARNING * * *
The merfolk impaler barely misses you.
A merfolk comes into view. It is wielding a +0 trident.
You feel very sick.
The sea snake bites you but does no damage.
The merfolk throws a throwing net.
The throwing net hits you.
You become entangled in the net!
You stop ascending the stairs.
The merfolk hits you but does no damage.
The merfolk impaler hits you from afar with a +4 trident.
* * * LOW HITPOINT WARNING * * *
The sea snake bites you but does no damage.
The merfolk hits you but does no damage.
The merfolk javelineer throws a javelin.
The javelin pierces through you but does no damage.
You hear a splash.
A snapping turtle comes into view.
The wind drake bites you but does no damage.
The merfolk impaler hits you but does no damage.
As you read the scroll of teleportation, it crumbles to dust.
You feel strangely unstable.
You feel very sick. The sea snake barely misses you. x2
The merfolk siren chants a haunting song.
You resist with almost no effort.
The merfolk hits you but does no damage.
The merfolk javelineer throws a javelin.
The javelin pierces through you!
* * * LOW HITPOINT WARNING * * *
You hear a splash.
The merfolk hits you but does no damage.
The merfolk impaler hits you from afar with a +4 trident!!
You die...

≈≈≈≈≈≈≈≈≈≈≈≈≈≈≈
≈≈≈≈≈≈≈≈≈≈≈≈≈≈≈
≈≈≈≈≈≈m≈≈≈≈≈≈≈≈
≈≈≈≈≈≈≈≈≈≈≈≈≈≈≈
≈≈≈≈≈≈≈≈≈≈≈≈≈≈≈
≈≈≈≈mm≈≈≈≈≈≈≈≈≈
≈≈.≈≈≈≈≈≈≈≈≈≈≈≈
≈≈..≈mk≈≈≈≈≈≈≈≈
≈...mm≈@S.≈≈≈≈≈
≈....mm.S..≈≈≈≈
≈........≈≈≈≈≈≈
.....##....≈≈≈≈
...m# .....≈≈≈≈
≈.m. .....≈≈≈≈
≈t. ....≈≈≈≈≈
≈≈ ....≈≈≈≈≈≈


You could see a merfolk impaler, a merfolk javelineer, 2 sea snakes, a snapping
turtle, a wind drake (repels missiles), 6 merfolk, a merfolk siren and a water
nymph.

Vanquished Creatures
  Arachne (Spider:3)
  Ilsuiw (Shoals:1)
  3 ghost moths (Spider:4)
  A frost giant (IceCv)
  An orc warlord (Orc:2)
  2 emperor scorpions
  An entropy weaver (Spider:4)
  Azrael (Spider:3)
  4 spark wasps
  An ettin (D:15)
  Snorg (D:13)
  The ghost of vurker the Fighter, a journeyman VSAs of Uskayaw (Lair:5)
  Josephine (Lair:4)
  An ogre mage (D:15)
  Erolcha (D:12)
  5 vault guards (D:14)
  Harold (D:11)
  A death knight (D:14)
  5 hydras
  A merfolk avatar (Lair:6)
  A centaur warrior (D:14)
  A satyr (Shoals:1)
  A dancing weapon (Volcano)
  5 tengu warriors (D:15)
  An orc high priest (Orc:2)
  10 death yaks
  A two-headed ogre (D:15)
  Urug (Lair:4)
  A deep elf knight (D:14)
  8 skeletal warriors
  A deep troll (D:15)
  A sea snake (Lair:6)
  6 wizards
  An unseen horror (D:15)
  3 orc knights
  18 wolf spiders
  9 harpies
  18 orb spiders
  6 orc sorcerers
  5 manticores
  3 moths of wrath
  12 ugly things
  5 cyclopes
  6 elephants
  2 deep elf magi
  6 fauns (Shoals:1)
  Maurice (D:8)
  4 ice statues
  2 merfolk sirens (Shoals:1)
  2 torpor snails (Spider:2)
  5 black mambas
  5 toenail golems (Volcano)
  A gargoyle (D:14)
  14 spiny frogs
  9 rime drakes
  2 yaktaurs
  2 freezing wraiths
  2 efreet (D:13)
  10 demonic crawlers
  9 komodo dragons
  A queen bee (shapeshifter) (D:14)
  34 jumping spiders
  16 polar bears
  7 trolls
  2 tengu conjurers (D:15)
  8 merfolk (Shoals:1)
  Grinder (D:3)
  A wind drake (Shoals:1)
  11 hornets
  9 hippogriffs
  3 snapping turtles (Shoals:1)
  13 blink frogs
  4 slime creatures (D:14)
  86 redbacks
  Sigmund (D:6)
  24 tarantellas
  A vampire (D:11)
  A spriggan (D:7)
  6 wyverns
  5 wraiths
  37 yaks
  A water elemental (Shoals:1)
  2 fire elementals (Spider:3)
  3 basilisks
  2 steam dragons
  2 hungry ghosts (D:11)
  2 wargs (D:11)
  15 porcupines
  2 acid dragons
  2 hell hounds (Spider:3)
  14 water moccasins
  12 ice beasts
  A black bear (D:5)
  An eye of draining (D:9)
  7 ogres
  4 sky beasts
  34 orc warriors
  4 phantoms
  6 centaurs
  17 wolves
  3 boggarts (D:14)
  14 crocodiles
  3 big kobolds
  22 bullfrogs
  A wyvern zombie (D:12)
  A water moccasin zombie (D:11)
  3 scorpions
  5 killer bees (D:11)
  10 wights
  8 howler monkeys
  An electric eel (Spider:4)
  8 crimson imps
  3 centaur zombies
  A bullfrog zombie (D:13)
  18 orc priests
  7 jellies
  6 hounds
  A quasit (D:8)
  Crazy Yiuf (D:4)
  6 centaur skeletons
  18 orc wizards
  2 bullfrog skeletons
  6 iguanas
  Natasha (twice) (D:3)
  25 worker ants
  3 hound skeletons
  Robin (D:4)
  8 gnolls
  25 adders
  A howler monkey skeleton (D:4)
  3 river rats (D:5)
  6 shadow imps
  3 oozes
  2 adder skeletons
  3 worms
  2 dart slugs
  10 leopard geckos
  95 orcs
  6 ball pythons
  17 giant cockroaches
  12 hobgoblins
  13 jackals
  23 kobolds
  8 quokkas
  5 bats
  12 frilled lizards
  10 goblins
  A jackal zombie (D:6)
  A quokka skeleton (D:5)
  9 rats
1090 creatures vanquished.

Vanquished Creatures (others)
  3 orb spiders (Spider:4)
  A redback (Spider:4)
  A water moccasin (Lair:6)
  A bush (Lair:5)
  2 fungi
  5 plants
13 creatures vanquished.

Grand Total: 1103 creatures vanquished

Notes
Turn   | Place    | Note
-------+----------+-------------------------------------------
     0 | D:1      | vurker the Vine Stalker Assassin began the quest for the
                  | Orb.
     0 | D:1      | Reached XP level 1. HP: 11/11 MP: 2/2
   514 | D:1      | Reached XP level 2. HP: 15/15 MP: 3/3
   977 | D:1      | Reached XP level 3. HP: 19/19 MP: 4/4
  1725 | D:2      | Gained mutation: Your natural rate of healing is unusually
                  | fast. [Vine Stalker growth]
  1725 | D:2      | Reached XP level 4. HP: 22/23 MP: 3/5
  2066 | D:2      | Reached XP level 5. HP: 28/28 MP: 6/6
  2601 | D:3      | Noticed a phantom
  2604 | D:3      | Noticed Grinder
  2688 | D:3      | Killed a phantom
  2688 | D:3      | Reached XP level 6. HP: 19/32 MP: 5/7
  2690 | D:3      | Reached skill level 5 in Short Blades
  2961 | D:3      | Noticed Natasha
  2975 | D:3      | Killed Natasha
  3186 | D:3      | Noticed Natasha
  3229 | D:3      | Killed Grinder
  3229 | D:3      | Reached XP level 7. HP: 10/37 MP: 6/8
  3519 | D:3      | Killed Natasha
  3626 | D:4      | Found a shattered altar of Ashenzari.
  3695 | D:4      | Got a warped war axe
  3696 | D:4      | Identified the +7 war axe "Death Rattle" {freeze, *Corrode
                  | rN+ Dex+3} (You found it on level 4 of the Dungeon)
  3942 | D:4      | Noticed Robin
  4016 | D:4      | Found a bloodstained altar of Trog.
  4133 | D:4      | Gained mutation: You have razor-sharp teeth. [Vine Stalker
                  | growth]
  4133 | D:4      | Reached XP level 8. HP: 41/42 MP: 7/9
  4139 | D:4      | Killed Robin
  4308 | D:4      | Found a runed translucent door.
  4309 | D:4      | Noticed Crazy Yiuf
  4530 | D:4      | Killed Crazy Yiuf
  4530 | D:4      | Reached skill level 5 in Fighting
  4577 | D:5      | Entered Level 5 of the Dungeon
  4697 | D:5      | Found a glowing drain.
  4709 | Sewer    | Entered a sewer
  5195 | D:5      | Reached skill level 1 in Staves
  5386 | D:5      | Got a shimmering plate armour
  5397 | D:5      | Identified the +2 plate armour of Saqaq {Harm MR+} (You
                  | found it on level 5 of the Dungeon)
  5515 | D:6      | Reached skill level 2 in Staves
  5515 | D:6      | Reached skill level 1 in Dodging
  5584 | D:6      | Reached skill level 1 in Armour
  5726 | D:6      | Reached skill level 3 in Staves
  5730 | D:6      | Reached XP level 9. HP: 43/48 MP: 8/10
  5838 | D:6      | You fall into a shaft and drop 3 floors!
  5979 | D:9      | Found a sparkling altar of Nemelex Xobeh.
  6050 | D:8      | Noticed a hornet
  6059 | D:8      | Paralysed by a hornet for 2 turns
  6064 | D:8      | Killed a hornet
  6064 | D:8      | Reached skill level 4 in Staves
  6464 | D:7      | Reached skill level 5 in Staves
  6514 | D:7      | Found a staircase to the Ecumenical Temple.
  6531 | Temple   | Entered the Ecumenical Temple
  6598 | Temple   | Became a worshipper of Uskayaw the Reveler
  6660 | D:6      | Noticed Sigmund
  6665 | D:6      | Reached * piety under Uskayaw
  6666 | D:6      | Killed Sigmund
  6797 | D:6      | Reached ** piety under Uskayaw
  7022 | D:6      | Reached XP level 10. HP: 53/53 MP: 11/11
  7373 | D:7      | Reached skill level 6 in Staves
  7691 | D:8      | Noticed Maurice
  7698 | D:8      | Reached *** piety under Uskayaw
  7699 | D:8      | Killed Maurice
  7834 | D:8      | Reached **** piety under Uskayaw
  8537 | D:9      | Reached skill level 7 in Staves
  8537 | D:9      | Reached skill level 1 in Invocations
  8538 | D:9      | Reached ***** piety under Uskayaw
  8888 | D:9      | Found a staircase to the Orcish Mines.
  9173 | D:10     | Entered Level 10 of the Dungeon
  9387 | D:10     | Reached XP level 11. HP: 59/59 MP: 13/13
  9797 | D:11     | Reached skill level 8 in Staves
  9867 | D:11     | Reached skill level 5 in Dodging
  9957 | D:11     | Reached skill level 5 in Armour
  9968 | D:11     | Found a staircase to the Lair.
  9975 | D:11     | Reached ****** piety under Uskayaw
  9991 | D:11     | Found Celob's Assorted Antiques.
 10000 | D:11     | Bought a lumpy brown potion for 25 gold pieces
 10000 | D:11     | Bought a runed ivory wand for 112 gold pieces
 10000 | D:11     | Bought a twisted brass wand for 112 gold pieces
 10030 | D:11     | Noticed a red ugly thing
 10041 | D:11     | Killed a red ugly thing
 10197 | D:11     | Noticed Harold
 10208 | D:11     | Killed Harold
 10321 | D:11     | Reached skill level 9 in Staves
 10492 | D:11     | Noticed a cyclops
 10504 | D:11     | Killed a cyclops
 10827 | Lair:1   | Entered Level 1 of the Lair of Beasts
 10832 | Lair:1   | Gained mutation: You heal very quickly. [Vine Stalker
                  | growth]
 10832 | Lair:1   | Reached XP level 12. HP: 58/65 MP: 14/16
 10902 | Lair:1   | Reached skill level 5 in Invocations
 11377 | Lair:1   | Noticed a five-headed hydra
 11380 | Lair:1   | Found a dark tunnel.
 11387 | Lair:1   | Killed a five-headed hydra
 11387 | Lair:1   | Reached skill level 10 in Staves
 11397 | Volcano  | Entered a volcano
 11804 | Lair:1   | Reached XP level 13. HP: 70/70 MP: 18/18
 12039 | Lair:2   | Found a staircase to the Shoals.
 12703 | Lair:3   | Reached skill level 11 in Staves
 12878 | Lair:3   | Got a scorched arbalest
 12879 | Lair:3   | Identified the +5 arbalest "Dragonslayer" {elec, rN+ Str+2}
                  | (You found it on level 3 of the Lair of Beasts)
 13293 | Lair:4   | Noticed Urug
 13301 | Lair:4   | Killed Urug
 13533 | Lair:4   | Found a frozen archway.
 13563 | IceCv    | Entered an ice cave
 13849 | IceCv    | Reached skill level 10 in Fighting
 14013 | IceCv    | Noticed a frost giant
 14030 | IceCv    | Killed a frost giant
 14445 | Lair:4   | Reached XP level 14. HP: 77/77 MP: 20/20
 14445 | Lair:4   | Noticed Josephine
 14450 | Lair:4   | Killed Josephine
 14456 | Lair:4   | Reached skill level 12 in Staves
 14560 | Lair:4   | Found a hole to the Spider Nest.
 15571 | Lair:5   | Found a large runed translucent door.
 15582 | Lair:5   | Noticed vurker's ghost (journeyman VSAs)
 15631 | Lair:5   | Found a large runed translucent door.
 15967 | Lair:5   | Killed vurker's ghost
 16009 | Lair:6   | Entered Level 6 of the Lair of Beasts
 16479 | Lair:6   | Found a staircase to the Slime Pits.
 16617 | Lair:5   | Reached skill level 13 in Staves
 16640 | Lair:6   | Reached XP level 15. HP: 81/81 MP: 22/22
 18147 | Orc:1    | Entered Level 1 of the Orcish Mines
 18234 | Orc:1    | You fall into a shaft and drop 1 floor!
 18234 | Orc:2    | Entered Level 2 of the Orcish Mines
 18679 | Orc:2    | Found a roughly hewn altar of Beogh.
 18728 | Orc:2    | Found a roughly hewn altar of Beogh.
 18807 | Orc:2    | Found a roughly hewn altar of Beogh.
 18807 | Orc:2    | Found Jif Astro's General Store.
 18903 | Orc:2    | Found a staircase to the Elven Halls.
 19027 | Orc:2    | Found a roughly hewn altar of Beogh.
 19347 | Orc:2    | Noticed an orc warlord
 19371 | Orc:2    | Killed an orc warlord
 19458 | Orc:2    | Found Umiotag's Antique Armour Shop.
 19460 | Orc:2    | Found a roughly hewn altar of Beogh.
 19461 | Orc:2    | Found Olarufiw's Antique Weapon Boutique.
 19616 | Orc:2    | Found a roughly hewn altar of Beogh.
 19630 | Orc:2    | Found Giozecif's Assorted Antiques.
 19653 | Orc:2    | Bought a scroll of teleportation for 84 gold pieces
 19721 | Orc:2    | Bought a glowing plate armour for 728 gold pieces
 19799 | Orc:2    | Bought a small ivory ring for 140 gold pieces
 19799 | Orc:2    | Bought a twisted garnet ring for 140 gold pieces
 19978 | D:12     | Noticed Erolcha
 19983 | D:12     | Killed Erolcha
 20597 | D:13     | Noticed Snorg
 20607 | D:13     | Killed Snorg
 21646 | D:14     | Reached skill level 14 in Staves
 21679 | D:14     | Found a gate to the Vaults.
 21704 | D:14     | Reached XP level 16. HP: 85/88 MP: 22/24
 21797 | D:14     | Reached skill level 10 in Invocations
 21924 | D:15     | Entered Level 15 of the Dungeon
 22099 | D:15     | Found a snail-covered altar of Cheibriados.
 22437 | D:15     | Found a staircase to the Depths.
 22739 | Spider:1 | Entered Level 1 of the Spider Nest
 23079 | Spider:1 | Reached skill level 10 in Dodging
 23349 | Spider:1 | You fall into a shaft and drop 1 floor!
 23393 | Spider:2 | Found a runed translucent gate.
 23393 | Spider:2 | Found a runed translucent gate.
 23393 | Spider:2 | Found a runed translucent gate.
 23393 | Spider:2 | Noticed Isaadow's ghost (adept DEWz)
 23908 | Spider:2 | Reached skill level 10 in Armour
 25412 | Spider:3 | Noticed Azrael
 25415 | Spider:3 | Reached XP level 17. HP: 93/93 MP: 26/26
 25440 | Spider:3 | Killed Azrael
 25528 | Spider:3 | Reached skill level 10 in Short Blades
 25751 | Spider:3 | Noticed Arachne
 25773 | Spider:3 | Killed Arachne
 26300 | Spider:4 | Entered Level 4 of the Spider Nest
 27254 | Spider:4 | Got a gossamer rune of Zot
 27499 | Shoals:1 | Entered Level 1 of the Shoals
 27905 | Shoals:1 | Reached XP level 18. HP: 100/100 MP: 28/28
 28117 | Shoals:1 | Identified a scroll of acquirement
 28123 | Shoals:1 | Gained mutation: Your flesh is heat resistant. (rF+)
                  | [potion of mutation]
 28123 | Shoals:1 | Gained mutation: You are partially covered in molten
                  | scales. (AC +2) [potion of mutation]
 28317 | Shoals:1 | Found a transporter.
 28326 | Shoals:1 | Identified the +9 trident of Radicalism {distort, *Drain
                  | Str+6}
 28327 | Shoals:1 | Noticed Prakerore's ghost (adept DgAE)
 28333 | Shoals:1 | Found a transporter.
 28340 | Shoals:1 | Found a one-way gate to the infinite horrors of the Abyss.
 28433 | Shoals:2 | Noticed Ilsuiw
 28523 | Shoals:1 | Killed Ilsuiw
 28586 | Shoals:2 | Slain by a merfolk impaler

Illustrated notes

Levels and vault maps discovered:
D:1:      zaba_arrival_water, layout_basic, minmay_pentomino_o2
D:2:      layout_basic, first_ration
D:3:      layout_loops_ring, minmay_misc_feat_secret_circle, uniq_grinder,
          uniq_natasha
D:4:      layout_loops_ring, cheibrodos_ashenzari_chains, trog_book,
          uniq_crazy_yiuf_cottage, uniq_robin
D:5:      layout_basic, gup_sewer_entry_bubbles
D:6:      layout_basic, uniq_sigmund
D:7:      layout_loops_cross, minmay_temple_entry_gardened_gates, the_bakery
D:8:      layout_loops_ring, minmay_puff, uniq_maurice
D:9:      layout_stronghold, kennysheep_mini, hiddenorc1_lemuel
D:10:     layout_cave_pools
D:11:     layout_irregular_city, erik_lair_orcish_takeover, serial_shops, shop,
          st_stairs_11, uniq_harold
D:12:     layout_irregular_city, uniq_erolcha
D:13:     layout_stronghold, uniq_snorg
D:14:     layout_roguey, grunt_vaults_entry_fortified,
          chequers_serial_rivers_small_a
D:15:     hangedman_depths_entry_civil_slaughter, layout_cave_pools,
          cheibriados_altar_1, minivault_16
Temple:   regret_index_temple_chain_breaker
Lair:1:   layout_regular_city, nicolae_volcano_entry_hallway,
          beast_lair_carwin_9
Lair:2:   layout_long_grid, minmay_shoals_entry_beasts, grunt_megastairs_5
Lair:3:   layout_loops_ring, infiniplex_staircase_pool_2
Lair:4:   layout_loops_ring, spider_nest_entry_funnel_web,
          portal_ice_cave_entry_ice_beasts, uniq_josephine, uniq_urug
Lair:5:   layout_regular_city, ebering_ghost_disaster_area,
          serial_bayou_shore_b, grunt_megastairs_2
Lair:6:   gammafunk_lair_ancient_temple, layout_gridlike,
          nicolae_slime_entry_slimehenge
Shoals:1: layout_shoals, gammafunk_ghost_abyssal_escape
Shoals:2: layout_shoals, nicolae_shoals_kraken_party, uniq_polyphemus,
          uniq_ilsuiw
Spider:1: layout_chambers, drop_trap, guppyfry_spider_mini_3
Spider:2: layout_chambers, ebering_ghost_rock_garden, drop_trap,
          nicolae_spider_cling_ruins, nicolae_spider_cling_halls
Spider:3: layout_spider_delve, uniq_arachne, uniq_azrael
Spider:4: spider_rune_water, drop_trap, guppyfry_spider_mini_1
Orc:1:    layout_caves
Orc:2:    grunt_orc_community_town_hall, layout_diamond_mine,
          grunt_orc_community_big_house_2, grunt_orc_community_big_house_1,
          grunt_orc_community_house_1, grunt_orc_community_house_1,
          grunt_orc_community_house_1, grunt_orc_community_house_1,
          grunt_orc_community_house_2

Skill      XL: |  1  2  3  4  5  6  7  8  9 10 11 12 13 14 15 16 17 |
---------------+----------------------------------------------------+-----
Short Blades   | 2 3 4 5 6 7 8 9 10 | 10.0
Fighting       | 2 3 4 5 6 7 8 9 10 11 12 13 | 13.7
Staves         | 3 5 7 9 10 11 13 14 | 14.0
Dodging        | 1 3 4 5 6 7 8 9 10 | 10.0
Armour         | 1 3 4 5 6 7 8 9 10 11 | 11.8
Invocations    | 2 4 6 7 8 9 11 12 | 12.6
Throwing       | |  1.7
Stealth        | |  4.8

Action                   |  1- 3 |  4- 6 |  7- 9 | 10-12 | 13-15 | 16-18 || total
-------------------------+-------+-------+-------+-------+-------+-------++-------
Melee: Dagger            |    74 |   207 |   299 |     6 |    23 |       ||   609
       Bite              |    17 |    56 |   126 |   152 |   421 |   368 ||  1140
       Lajatang          |       |       |   165 |   509 |  1053 |   919 ||  2646
Throw: Dart              |     6 |    18 |     1 |       |     9 |     7 ||    41
Invok: Stomp             |       |       |       |       |     1 |     2 ||     3
Evoke: Wand              |       |       |       |       |     1 |     4 ||     5
  Use: Scroll            |       |       |    14 |     5 |     9 |    10 ||    38
       Potion            |       |       |       |       |     2 |     2 ||     4
 Stab: Sleeping          |     7 |     4 |     3 |       |       |       ||    14
       Distracted        |       |     1 |       |       |       |     1 ||     2
       Paralysed         |       |       |       |    34 |    83 |    89 ||   206
  Eat: Chunk             |     2 |     5 |    13 |    17 |    29 |    17 ||    83
       Ration            |       |       |       |       |     1 |     2 ||     3
Armor: Robe              |    24 |    70 |    76 |       |       |       ||   170
       Plate armour      |       |       |    82 |   252 |   431 |   589 ||  1354
       Chain mail        |       |       |       |     5 |       |       ||     5
Dodge: Dodged            |    42 |   102 |   143 |   121 |   371 |   499 ||  1278

Table legend:
 A = Non-vault XP
 B = Vault XP
 C = Vault XP percentage of total XP
 D = Non-vault monster count
 E = Vault monster count
 F = Vault count percentage of total count
                 A         B        C        D         E       F
            +---------+---------+-------+---------+---------+-------
      Total |  154276 |   97900 |  38.8 |     752 |     342 |  31.3
            +---------+---------+-------+---------+---------+-------
        D:1 |      61 |       4 |   6.2 |      28 |       2 |   6.7
        D:2 |     190 |       0 |   0.0 |      29 |       0 |   0.0
        D:3 |     233 |     312 |  57.2 |      22 |       2 |   8.3
        D:4 |     464 |      76 |  14.1 |      25 |      12 |  32.4
        D:5 |     262 |      46 |  14.9 |       6 |       7 |  53.8
        D:6 |    1171 |     231 |  16.5 |      33 |       1 |   2.9
        D:7 |    1381 |     215 |  13.5 |      41 |       1 |   2.4
        D:8 |    1232 |     518 |  29.6 |      22 |       3 |  12.0
        D:9 |    1043 |     258 |  19.8 |      17 |      17 |  50.0
       D:10 |    2948 |       0 |   0.0 |      27 |       0 |   0.0
       D:11 |    4915 |    2473 |  33.5 |      46 |      13 |  22.0
       D:12 |    5788 |    1007 |  14.8 |      27 |       1 |   3.6
       D:13 |    4666 |    1112 |  19.2 |      13 |       1 |   7.1
       D:14 |    8781 |    7365 |  45.6 |      27 |      10 |  27.0
       D:15 |   15597 |    4869 |  23.8 |      45 |       7 |  13.5
     Lair:1 |    5877 |    1327 |  18.4 |      23 |       6 |  20.7
     Lair:2 |    4451 |     986 |  18.1 |      15 |       3 |  16.7
     Lair:3 |    2732 |       0 |   0.0 |      14 |       0 |   0.0
     Lair:4 |    4906 |    5699 |  53.7 |      24 |      19 |  44.2
     Lair:5 |    6552 |    3887 |  37.2 |      24 |       5 |  17.2
     Lair:6 |   10329 |   10505 |  50.4 |      22 |      30 |  57.7
   Shoals:1 |   14566 |    1930 |  11.7 |      33 |       1 |   2.9
   Spider:1 |   14365 |    1804 |  11.2 |      43 |       7 |  14.0
   Spider:2 |   13671 |       0 |   0.0 |      45 |       0 |   0.0
   Spider:3 |    7895 |    5391 |  40.6 |      22 |       6 |  21.4
   Spider:4 |   17005 |   22293 |  56.7 |      47 |      49 |  51.0
      Orc:1 |    2411 |       0 |   0.0 |      22 |       0 |   0.0
      Orc:2 |     784 |    8795 |  91.8 |      10 |      72 |  87.8
      Sewer |       0 |     166 | 100.0 |       0 |      20 | 100.0
      IceCv |       0 |    9956 | 100.0 |       0 |      36 | 100.0
    Volcano |       0 |    6675 | 100.0 |       0 |      11 | 100.0
            +---------+---------+-------+---------+---------+-------
